[ AOE2 MATCH · #478408613 ]
UnrankedMalians vs Koreans
[ REPLAY ANALYSIS · EXTRACTED FROM THE RECORDED GAME ]
Feudal
12:15
Castle
21:01
Imperial
42:29
| APM avg | 36.8 |
| APM peak | 63 |
| eAPM avg | 25.7 |
| Villagers / military | 168 / 107 |
Focus
⚔️ 29.6% · 🌾 70.4%
Camel Scout ×64 · Gbeto ×33 · Archer ×5 · Monk ×2 · Petard ×2 · Spearman ×1
Feudal
11:50
Castle
15:24
Imperial
27:56
| APM avg | 29.8 |
| APM peak | 108 |
| eAPM avg | 17.5 |
| Villagers / military | 154 / 230 |
Focus
⚔️ 32.2% · 🌾 67.8%
Spearman ×183 · Trade Cart ×39 · Iron Pagoda ×24 · Bombard Cannon ×13 · Trebuchet (Packed) ×9 · Monk ×1
Feudal
11:42
Castle
30:06
Imperial
45:39
| APM avg | 32.8 |
| APM peak | 77 |
| eAPM avg | 22.5 |
| Villagers / military | 183 / 64 |
Focus
⚔️ 26.9% · 🌾 73.1%
Spearman ×29 · Cavalry Archer ×17 · Archer ×6 · Militia ×5 · Scorpion ×4 · Battering Ram ×3
Feudal
11:47
Castle
16:09
Imperial
36:32
| APM avg | 36.3 |
| APM peak | 63 |
| eAPM avg | 20.7 |
| Villagers / military | 130 / 174 |
Focus
⚔️ 34.3% · 🌾 65.7%
Spearman ×88 · Knight ×73 · Scorpion ×12 · Monk ×1
Feudal
9:01
Castle
19:53
Imperial
35:29
| APM avg | 43.3 |
| APM peak | 77 |
| eAPM avg | 21.3 |
| Villagers / military | 155 / 196 |
Focus
⚔️ 31.6% · 🌾 68.4%
Knight ×166 · Battering Ram ×14 · Mangonel ×6 · Scout Cavalry ×5 · Trebuchet (Packed) ×5
Feudal
11:23
Castle
14:57
Imperial
28:09
| APM avg | 39.8 |
| APM peak | 87 |
| eAPM avg | 26.1 |
| Villagers / military | 155 / 36 |
Focus
⚔️ 29.1% · 🌾 70.9%
Unknown (1952) ×168 · Skirmisher ×35 · Unknown (1942) ×29 · Trade Cart ×16 · Monk ×1
Feudal
14:07
Castle
20:25
Imperial
34:07
| APM avg | 40.1 |
| APM peak | 153 |
| eAPM avg | 23.3 |
| Villagers / military | 148 / 177 |
Focus
⚔️ 41.1% · 🌾 58.9%
Knight ×176 · Scout Cavalry ×1
Feudal
12:07
Castle
16:41
Imperial
29:41
| APM avg | 59.9 |
| APM peak | 175 |
| eAPM avg | 32.1 |
| Villagers / military | 167 / 341 |
Focus
⚔️ 31.5% · 🌾 68.5%
Steppe Lancer ×291 · Scout Cavalry ×50 · Trade Cart ×28
Match map
Initial resources + every placement click. Lines = walls · curves = elevation contours. ◆ gold · ⬟ stone · ● berries · ✦ relic · ◌ wall gap
Your base· ✓ Closed at 21:01 · 41t walls · 1 gate(s)
Kevin FoJ's base· ✓ Closed at 15:24 · 0t walls · no gate
MooN | Lunatico's base· ✓ Closed at 30:06 · 133t walls · 1 gate(s)
ghabil's base· ✓ Closed at 16:09 · 14t walls · no gate
noone2021's base· ✓ Closed at 19:53 · 0t walls · no gate
Hellsum's base· ✓ Closed at 14:57 · 10t walls · 2 gate(s)
Harzah's base· ✓ Closed at 20:25 · 45t walls · 9 gate(s)
Armitte's base· ✓ Closed at 16:41 · 22t walls · no gate
Smoothed initial terrain · ◌ = detected wall gap · hover for details
Inputs per minute
— Pandas United - - Kevin FoJ
Build order — Pandas United
First 150 of 443 actions detected
| 0:00 | Queue | Villager (Male) |
| 0:01 | Queue | Villager (Male) |
| 0:03 | Build | House |
| 0:07 | Build | House |
| 0:11 | Queue | Villager (Male) |
| 0:11 | Queue | Villager (Male) |
| 0:11 | Queue | Villager (Male) |
| 0:17 | Research | Loom |
| 0:18 | Queue | Villager (Male) |
| 0:18 | Queue | Villager (Male) |
| 0:26 | Queue | Villager (Male) |
| 2:06 | Build | Palisade Wall |
| 2:36 | Build | Lumber Camp |
| 2:36 | Queue | Villager (Male) |
| 2:36 | Queue | Villager (Male) |
| 3:21 | Queue | Villager (Male) |
| 4:03 | Queue | Villager (Male) |
| 4:33 | Queue | Villager (Male) |
| 4:33 | Queue | Villager (Male) |
| 4:37 | Build | Palisade Wall |
| 4:41 | Build | Palisade Wall |
| 4:42 | Build | Palisade Wall |
| 4:44 | Build | Palisade Wall |
| 4:46 | Build | Palisade Wall |
| 4:47 | Build | Palisade Wall |
| 4:49 | Build | Palisade Wall |
| 4:50 | Build | Palisade Wall |
| 4:50 | Build | Palisade Wall |
| 4:51 | Build | Palisade Wall |
| 4:52 | Build | Palisade Wall |
| 4:52 | Build | Palisade Wall |
| 4:53 | Build | Palisade Wall |
| 5:00 | Queue | Villager (Male) |
| 5:23 | Queue | Villager (Male) |
| 5:23 | Queue | Villager (Male) |
| 5:30 | Build | House |
| 5:45 | Queue | Villager (Male) |
| 6:09 | Queue | Villager (Male) |
| 6:32 | Queue | Villager (Male) |
| 6:47 | Queue | Villager (Male) |
| 7:02 | Queue | Villager (Male) |
| 7:38 | Queue | Villager (Male) |
| 7:42 | Build | Mill |
| 8:04 | Queue | Villager (Male) |
| 8:11 | Build | House |
| 8:31 | Queue | Villager (Male) |
| 8:55 | Queue | Villager (Male) |
| 9:24 | Queue | Villager (Male) |
| 10:05 | Research | Feudal Age |
| 10:06 | Build | Mining Camp |
| 10:40 | Queue | Villager (Male) |
| 10:53 | Queue | Villager (Male) |
| 11:24 | Build | Palisade Wall |
| 11:27 | Build | Palisade Wall |
| 11:37 | Build | Farm |
| 11:44 | Build | Barracks |
| 11:46 | Queue | Villager (Male) |
| 12:15 | Age | Feudal Age |
| 12:16 | Build | Stone Wall |
| 12:23 | Build | Archery Range |
| 12:28 | Queue | Villager (Male) |
| 12:31 | Research | Double-Bit Axe |
| 13:20 | Queue | Villager (Male) |
| 13:21 | Queue | Archer |
| 13:21 | Queue | Archer |
| 13:31 | Build | House |
| 13:38 | Build | Farm |
| 13:40 | Research | Horse Collar |
| 13:44 | Queue | Archer |
| 13:53 | Build | House |
| 14:01 | Queue | Spearman |
| 14:19 | Queue | Villager (Male) |
| 14:32 | Build | Stone Wall |
| 14:34 | Build | Gate |
| 14:49 | Queue | Villager (Male) |
| 14:51 | Build | Farm |
| 14:52 | Queue | Villager (Male) |
| 15:06 | Queue | Villager (Male) |
| 15:15 | Queue | Archer |
| 15:17 | Build | Farm |
| 15:20 | Queue | Villager (Male) |
| 15:40 | Queue | Archer |
| 15:43 | Build | Farm |
| 15:44 | Queue | Villager (Male) |
| 15:59 | Queue | Villager (Male) |
| 16:00 | Build | House |
| 16:02 | Build | Farm |
| 16:07 | Build | House |
| 16:48 | Build | Market |
| 16:52 | Queue | Villager (Male) |
| 17:14 | Build | Farm |
| 17:16 | Queue | Villager (Male) |
| 17:20 | Build | Farm |
| 17:34 | Queue | Villager (Male) |
| 17:55 | Build | Farm |
| 18:17 | Build | Lumber Camp |
| 18:21 | Research | Castle Age |
| 18:38 | Build | House |
| 18:43 | Build | Mining Camp |
| 19:09 | Research | Gold Mining |
| 19:22 | Build | Farm |
| 20:11 | Queue | Villager (Male) |
| 20:16 | Build | House |
| 21:01 | Age | Castle Age |
| 21:22 | Build | Castle |
| 21:29 | Build | Castle |
| 21:33 | Queue | Villager (Male) |
| 22:10 | Queue | Villager (Male) |
| 22:10 | Queue | Villager (Male) |
| 22:12 | Research | Bow Saw |
| 22:22 | Queue | Gbeto |
| 22:22 | Queue | Gbeto |
| 22:37 | Research | Wheelbarrow |
| 22:41 | Build | Farm |
| 22:43 | Queue | Gbeto |
| 23:02 | Queue | Petard |
| 23:08 | Build | Farm |
| 23:13 | Queue | Villager (Male) |
| 23:28 | Queue | Villager (Male) |
| 23:37 | Queue | Petard |
| 23:44 | Queue | Gbeto |
| 24:03 | Queue | Gbeto |
| 24:16 | Queue | Villager (Male) |
| 24:28 | Queue | Gbeto |
| 24:28 | Queue | Gbeto |
| 24:39 | Queue | Villager (Male) |
| 24:41 | Build | Farm |
| 25:04 | Queue | Gbeto |
| 25:09 | Queue | Gbeto |
| 25:13 | Build | Town Center |
| 25:15 | Queue | Villager (Male) |
| 25:18 | Build | Farm |
| 25:19 | Build | Farm |
| 25:20 | Build | Farm |
| 25:23 | Queue | Gbeto |
| 25:28 | Build | Blacksmith |
| 25:38 | Queue | Gbeto |
| 25:52 | Build | House |
| 26:04 | Queue | Gbeto |
| 26:05 | Queue | Gbeto |
| 26:15 | Queue | Gbeto |
| 26:31 | Queue | Gbeto |
| 26:31 | Queue | Gbeto |
| 26:47 | Queue | Villager (Male) |
| 26:56 | Queue | Villager (Male) |
| 27:06 | Build | Town Center |
| 27:11 | Queue | Gbeto |
| 27:18 | Queue | Villager (Male) |
| 27:18 | Queue | Villager (Male) |
| 27:44 | Queue | Villager (Male) |
Build order — Kevin FoJ
First 150 of 403 actions detected
| 0:00 | Queue | Villager (Male) |
| 0:01 | Queue | Villager (Male) |
| 0:01 | Queue | Villager (Male) |
| 0:03 | Build | House |
| 0:04 | Build | House |
| 0:04 | Queue | Villager (Male) |
| 1:21 | Queue | Villager (Male) |
| 1:52 | Build | Lumber Camp |
| 2:03 | Queue | Villager (Male) |
| 2:32 | Queue | Villager (Male) |
| 2:48 | Queue | Villager (Male) |
| 2:58 | Build | House |
| 2:59 | Build | House |
| 3:05 | Queue | Villager (Male) |
| 3:38 | Queue | Villager (Male) |
| 3:57 | Queue | Villager (Male) |
| 4:02 | Build | House |
| 4:30 | Queue | Villager (Male) |
| 5:05 | Queue | Villager (Male) |
| 5:05 | Queue | Villager (Male) |
| 5:52 | Queue | Villager (Male) |
| 5:52 | Queue | Villager (Male) |
| 6:11 | Queue | Villager (Male) |
| 6:12 | Queue | Villager (Male) |
| 7:32 | Queue | Villager (Male) |
| 7:45 | Queue | Villager (Male) |
| 7:45 | Queue | Villager (Male) |
| 7:47 | Queue | Villager (Male) |
| 8:33 | Build | Mill |
| 9:13 | Queue | Villager (Male) |
| 9:20 | Research | Feudal Age |
| 10:00 | Build | Mining Camp |
| 11:50 | Age | Feudal Age |
| 11:52 | Queue | Villager (Male) |
| 11:53 | Queue | Villager (Male) |
| 11:57 | Build | Market |
| 11:59 | Build | Blacksmith |
| 12:02 | Queue | Villager (Male) |
| 12:25 | Build | Lumber Camp |
| 12:42 | Research | Castle Age |
| 12:46 | Research | Double-Bit Axe |
| 12:49 | Research | Horse Collar |
| 13:12 | Build | Farm |
| 13:13 | Build | Farm |
| 13:14 | Build | Farm |
| 13:15 | Build | Farm |
| 13:16 | Build | Farm |
| 14:03 | Build | House |
| 15:24 | Age | Castle Age |
| 15:26 | Research | Bow Saw |
| 15:27 | Research | Heavy Plow |
| 15:31 | Build | Town Center |
| 15:35 | Build | Town Center |
| 15:45 | Queue | Villager (Male) |
| 15:46 | Queue | Villager (Male) |
| 16:13 | Build | Farm |
| 16:14 | Queue | Villager (Male) |
| 16:24 | Build | Farm |
| 16:24 | Build | Farm |
| 16:24 | Build | Farm |
| 16:25 | Build | Farm |
| 16:26 | Build | Farm |
| 16:45 | Queue | Villager (Male) |
| 16:45 | Queue | Villager (Male) |
| 16:46 | Queue | Villager (Male) |
| 16:52 | Build | Farm |
| 16:54 | Build | Farm |
| 16:55 | Queue | Villager (Male) |
| 16:55 | Queue | Villager (Male) |
| 16:56 | Queue | Villager (Male) |
| 16:56 | Queue | Villager (Male) |
| 17:07 | Build | House |
| 17:08 | Build | House |
| 17:13 | Build | House |
| 17:16 | Build | House |
| 17:17 | Queue | Villager (Male) |
| 17:17 | Queue | Villager (Male) |
| 17:17 | Queue | Villager (Male) |
| 17:22 | Build | Farm |
| 17:35 | Build | Farm |
| 17:38 | Queue | Villager (Male) |
| 17:43 | Research | Wheelbarrow |
| 17:47 | Queue | Villager (Male) |
| 17:48 | Queue | Villager (Male) |
| 17:52 | Build | Farm |
| 17:57 | Queue | Villager (Male) |
| 18:07 | Build | Farm |
| 18:23 | Build | Farm |
| 18:24 | Queue | Villager (Male) |
| 18:24 | Queue | Villager (Male) |
| 18:27 | Build | Farm |
| 18:28 | Queue | Villager (Male) |
| 18:28 | Queue | Villager (Male) |
| 18:32 | Build | House |
| 18:33 | Build | House |
| 18:46 | Build | House |
| 18:47 | Build | House |
| 19:00 | Build | Town Center |
| 19:02 | Queue | Villager (Male) |
| 19:02 | Queue | Villager (Male) |
| 19:02 | Queue | Villager (Male) |
| 19:06 | Build | Farm |
| 19:07 | Queue | Villager (Male) |
| 19:18 | Queue | Villager (Male) |
| 19:28 | Queue | Villager (Male) |
| 19:30 | Queue | Villager (Male) |
| 19:34 | Build | Farm |
| 19:36 | Build | Farm |
| 19:37 | Queue | Villager (Male) |
| 19:39 | Build | Farm |
| 19:40 | Queue | Villager (Male) |
| 19:40 | Queue | Villager (Male) |
| 19:44 | Build | House |
| 19:45 | Build | House |
| 19:46 | Build | House |
| 19:51 | Build | House |
| 19:53 | Queue | Villager (Male) |
| 19:56 | Build | Farm |
| 19:59 | Queue | Villager (Male) |
| 20:11 | Build | Farm |
| 20:14 | Build | Farm |
| 20:15 | Queue | Villager (Male) |
| 20:20 | Build | Farm |
| 20:27 | Build | Farm |
| 20:30 | Queue | Villager (Male) |
| 20:30 | Queue | Villager (Male) |
| 20:32 | Build | Farm |
| 20:34 | Queue | Villager (Male) |
| 20:34 | Queue | Villager (Male) |
| 20:36 | Build | Farm |
| 20:36 | Queue | Villager (Male) |
| 20:37 | Queue | Villager (Male) |
| 20:37 | Queue | Villager (Male) |
| 20:52 | Build | House |
| 21:17 | Build | House |
| 21:20 | Build | House |
| 21:22 | Queue | Villager (Male) |
| 21:23 | Queue | Villager (Male) |
| 21:23 | Queue | Villager (Male) |
| 21:23 | Queue | Villager (Male) |
| 21:23 | Queue | Villager (Male) |
| 21:37 | Build | Town Center |
| 21:40 | Queue | Villager (Male) |
| 21:40 | Queue | Villager (Male) |
| 21:40 | Queue | Villager (Male) |
| 21:53 | Queue | Villager (Male) |
| 22:00 | Build | Farm |
| 22:01 | Build | Farm |
| 22:06 | Build | Farm |
| 22:09 | Build | Farm |
Build order — MooN | Lunatico
First 150 of 409 actions detected
| 0:01 | Queue | Villager (Male) |
| 0:01 | Queue | Villager (Male) |
| 0:04 | Build | House |
| 0:05 | Build | House |
| 0:22 | Research | Loom |
| 0:47 | Queue | Villager (Male) |
| 0:48 | Queue | Villager (Male) |
| 0:48 | Queue | Villager (Male) |
| 1:11 | Build | Palisade Wall |
| 2:27 | Queue | Villager (Male) |
| 2:27 | Queue | Villager (Male) |
| 2:36 | Build | Palisade Wall |
| 2:56 | Queue | Villager (Male) |
| 3:05 | Build | Palisade Wall |
| 3:06 | Build | Palisade Wall |
| 3:19 | Build | Lumber Camp |
| 3:24 | Queue | Villager (Male) |
| 3:31 | Build | Palisade Wall |
| 3:31 | Build | Palisade Wall |
| 3:33 | Build | Palisade Wall |
| 3:34 | Build | Palisade Wall |
| 3:52 | Queue | Villager (Male) |
| 4:14 | Queue | Villager (Male) |
| 4:46 | Queue | Villager (Male) |
| 4:51 | Build | House |
| 5:14 | Queue | Villager (Male) |
| 5:30 | Queue | Villager (Male) |
| 5:51 | Queue | Villager (Male) |
| 5:51 | Queue | Villager (Male) |
| 6:58 | Queue | Villager (Male) |
| 7:12 | Build | House |
| 7:24 | Queue | Villager (Male) |
| 7:50 | Queue | Villager (Male) |
| 7:51 | Queue | Villager (Male) |
| 8:26 | Build | Barracks |
| 8:40 | Queue | Villager (Male) |
| 8:59 | Queue | Villager (Male) |
| 9:14 | Build | House |
| 9:32 | Research | Feudal Age |
| 9:36 | Queue | Militia |
| 9:36 | Queue | Militia |
| 9:54 | Build | House |
| 9:56 | Build | House |
| 9:59 | Queue | Militia |
| 10:17 | Queue | Militia |
| 10:33 | Queue | Militia |
| 11:01 | Build | Mill |
| 11:04 | Build | Mining Camp |
| 11:42 | Age | Feudal Age |
| 11:48 | Build | Stone Wall |
| 11:52 | Queue | Villager (Male) |
| 12:22 | Queue | Villager (Male) |
| 12:40 | Build | Archery Range |
| 12:55 | Build | Palisade Wall |
| 12:56 | Build | Palisade Wall |
| 13:03 | Queue | Villager (Male) |
| 13:03 | Queue | Villager (Male) |
| 13:04 | Queue | Villager (Male) |
| 13:14 | Build | Palisade Wall |
| 13:15 | Build | Palisade Wall |
| 13:22 | Research | Man-at-Arms (upgrade) |
| 13:41 | Build | Stone Wall |
| 14:04 | Build | Palisade Gate |
| 14:14 | Queue | Villager (Male) |
| 14:15 | Queue | Villager (Male) |
| 14:20 | Build | Mill |
| 14:23 | Queue | Villager (Male) |
| 14:28 | Queue | Archer |
| 14:28 | Queue | Archer |
| 14:32 | Build | House |
| 14:54 | Build | Stone Wall |
| 15:12 | Queue | Archer |
| 15:14 | Build | House |
| 15:38 | Queue | Villager (Male) |
| 15:39 | Queue | Villager (Male) |
| 15:49 | Build | Stone Wall |
| 15:56 | Queue | Villager (Male) |
| 16:00 | Queue | Archer |
| 16:25 | Queue | Villager (Male) |
| 16:31 | Queue | Archer |
| 16:55 | Queue | Villager (Male) |
| 17:00 | Build | Outpost |
| 17:09 | Build | House |
| 17:11 | Build | House |
| 17:13 | Build | House |
| 17:14 | Build | House |
| 17:16 | Queue | Villager (Male) |
| 17:27 | Build | Outpost |
| 17:32 | Build | Farm |
| 17:37 | Queue | Archer |
| 18:17 | Build | Lumber Camp |
| 18:21 | Queue | Villager (Male) |
| 18:24 | Build | Farm |
| 18:57 | Queue | Villager (Male) |
| 18:58 | Queue | Villager (Male) |
| 19:06 | Build | Farm |
| 19:10 | Build | Farm |
| 19:45 | Queue | Villager (Male) |
| 19:49 | Build | Mining Camp |
| 20:03 | Build | Farm |
| 20:05 | Build | Farm |
| 20:08 | Queue | Villager (Male) |
| 20:10 | Queue | Villager (Male) |
| 20:22 | Research | Double-Bit Axe |
| 20:29 | Research | Horse Collar |
| 20:50 | Build | Farm |
| 20:50 | Queue | Villager (Male) |
| 21:29 | Research | Wheelbarrow |
| 21:37 | Build | Stone Wall |
| 21:42 | Build | Market |
| 21:46 | Queue | Villager (Male) |
| 22:01 | Build | Farm |
| 22:02 | Build | Farm |
| 22:17 | Build | Mining Camp |
| 22:18 | Queue | Villager (Male) |
| 22:25 | Build | Stone Wall |
| 22:27 | Build | Stone Wall |
| 22:32 | Build | Stone Wall |
| 22:48 | Queue | Villager (Male) |
| 23:27 | Build | Stone Wall |
| 23:40 | Build | Stone Wall |
| 23:41 | Build | Stone Wall |
| 23:43 | Build | Stone Wall |
| 23:49 | Queue | Villager (Male) |
| 23:51 | Build | Farm |
| 24:15 | Build | House |
| 24:21 | Build | Barracks |
| 24:24 | Queue | Villager (Male) |
| 24:37 | Build | House |
| 25:03 | Build | Lumber Camp |
| 25:11 | Research | Town Watch |
| 25:17 | Build | Stone Wall |
| 25:28 | Queue | Villager (Male) |
| 25:45 | Build | Farm |
| 25:47 | Build | Farm |
| 25:47 | Build | Farm |
| 26:21 | Build | Blacksmith |
| 26:21 | Queue | Villager (Male) |
| 26:49 | Build | Farm |
| 27:26 | Build | Barracks |
| 27:26 | Research | Castle Age |
| 27:29 | Research | Gold Mining |
| 27:30 | Research | Stone Mining |
| 27:47 | Research | Scale Mail Armor |
| 27:56 | Queue | Villager (Male) |
| 28:03 | Research | Forging |
| 28:06 | Queue | Villager (Male) |
| 28:15 | Build | Stone Wall |
| 28:20 | Build | Stone Wall |
| 28:22 | Build | Stone Wall |
Build order — ghabil
First 150 of 423 actions detected
| 0:01 | Queue | Villager (Male) |
| 0:02 | Queue | Villager (Male) |
| 0:02 | Queue | Villager (Male) |
| 0:03 | Build | House |
| 0:05 | Build | House |
| 0:06 | Queue | Villager (Male) |
| 1:34 | Queue | Villager (Male) |
| 1:51 | Build | Lumber Camp |
| 2:01 | Queue | Villager (Male) |
| 2:31 | Queue | Villager (Male) |
| 2:45 | Queue | Villager (Male) |
| 3:22 | Queue | Villager (Male) |
| 3:27 | Build | House |
| 3:49 | Queue | Villager (Male) |
| 3:49 | Queue | Villager (Male) |
| 3:58 | Build | Mill |
| 4:29 | Queue | Villager (Male) |
| 4:57 | Queue | Villager (Male) |
| 5:00 | Queue | Villager (Male) |
| 5:14 | Queue | Villager (Male) |
| 5:29 | Queue | Villager (Male) |
| 5:52 | Queue | Villager (Male) |
| 6:19 | Queue | Villager (Male) |
| 6:48 | Build | House |
| 6:55 | Research | Loom |
| 7:21 | Queue | Villager (Male) |
| 7:22 | Queue | Villager (Male) |
| 8:05 | Queue | Villager (Male) |
| 8:11 | Build | Mining Camp |
| 8:36 | Queue | Villager (Male) |
| 8:59 | Queue | Villager (Male) |
| 9:33 | Queue | Villager (Male) |
| 9:37 | Research | Feudal Age |
| 10:47 | Build | House |
| 11:29 | Build | Palisade Wall |
| 11:47 | Age | Feudal Age |
| 11:49 | Queue | Villager (Male) |
| 11:50 | Queue | Villager (Male) |
| 12:08 | Build | Market |
| 12:11 | Queue | Villager (Male) |
| 12:23 | Queue | Villager (Male) |
| 12:26 | Build | Blacksmith |
| 12:31 | Build | Palisade Wall |
| 12:34 | Build | Palisade Wall |
| 13:05 | Queue | Villager (Male) |
| 13:21 | Research | Castle Age |
| 13:39 | Build | House |
| 13:41 | Build | Palisade Wall |
| 13:42 | Build | Palisade Wall |
| 13:49 | Build | Palisade Wall |
| 14:07 | Queue | Villager (Male) |
| 14:15 | Queue | Villager (Male) |
| 14:29 | Build | Barracks |
| 14:45 | Queue | Villager (Male) |
| 15:08 | Build | Stable |
| 15:23 | Research | Double-Bit Axe |
| 15:25 | Research | Horse Collar |
| 16:09 | Age | Castle Age |
| 16:21 | Build | Town Center |
| 16:27 | Queue | Knight |
| 16:35 | Build | Farm |
| 16:37 | Build | Farm |
| 16:45 | Queue | Knight |
| 16:51 | Build | Farm |
| 17:08 | Research | Bow Saw |
| 17:10 | Queue | Villager (Male) |
| 17:14 | Queue | Knight |
| 17:23 | Build | Farm |
| 17:26 | Queue | Villager (Male) |
| 18:05 | Queue | Villager (Male) |
| 18:07 | Build | Farm |
| 18:08 | Build | Farm |
| 18:09 | Build | Farm |
| 18:15 | Queue | Villager (Male) |
| 18:23 | Queue | Knight |
| 18:27 | Build | Farm |
| 18:33 | Queue | Villager (Male) |
| 18:40 | Build | Farm |
| 18:49 | Queue | Villager (Male) |
| 18:50 | Queue | Villager (Male) |
| 19:55 | Queue | Villager (Male) |
| 19:57 | Build | House |
| 20:06 | Build | Town Center |
| 20:10 | Research | Wheelbarrow |
| 20:12 | Queue | Villager (Male) |
| 20:29 | Build | House |
| 20:34 | Queue | Knight |
| 20:37 | Build | House |
| 20:39 | Queue | Villager (Male) |
| 20:40 | Queue | Villager (Male) |
| 20:47 | Queue | Villager (Male) |
| 21:23 | Research | Heavy Plow |
| 21:43 | Build | Farm |
| 21:43 | Queue | Villager (Male) |
| 22:00 | Queue | Villager (Male) |
| 22:08 | Build | Town Center |
| 22:11 | Build | Farm |
| 22:17 | Build | Farm |
| 22:18 | Build | Farm |
| 22:19 | Build | Farm |
| 22:21 | Build | Farm |
| 22:25 | Queue | Villager (Male) |
| 22:29 | Queue | Villager (Male) |
| 22:49 | Queue | Knight |
| 22:53 | Build | Farm |
| 22:54 | Queue | Villager (Male) |
| 22:58 | Queue | Villager (Male) |
| 23:09 | Queue | Villager (Male) |
| 23:11 | Build | Farm |
| 23:17 | Queue | Villager (Male) |
| 23:20 | Build | Farm |
| 23:23 | Build | Farm |
| 23:25 | Queue | Villager (Male) |
| 23:30 | Queue | Villager (Male) |
| 23:45 | Queue | Knight |
| 23:45 | Queue | Knight |
| 23:51 | Build | Farm |
| 23:57 | Build | Farm |
| 23:59 | Build | Farm |
| 24:00 | Build | Farm |
| 24:00 | Build | Farm |
| 24:00 | Build | Farm |
| 24:01 | Build | Farm |
| 24:03 | Queue | Villager (Male) |
| 24:03 | Queue | Villager (Male) |
| 24:11 | Build | Farm |
| 24:13 | Build | Farm |
| 24:14 | Queue | Villager (Male) |
| 24:17 | Build | Farm |
| 24:18 | Queue | Villager (Male) |
| 24:21 | Build | Farm |
| 24:22 | Queue | Villager (Male) |
| 24:48 | Research | Bloodlines |
| 25:19 | Research | Scale Barding Armor |
| 25:20 | Research | Forging |
| 25:24 | Build | Farm |
| 25:32 | Queue | Knight |
| 25:35 | Queue | Villager (Male) |
| 25:35 | Queue | Villager (Male) |
| 25:38 | Queue | Villager (Male) |
| 25:38 | Queue | Villager (Male) |
| 25:39 | Queue | Villager (Male) |
| 25:44 | Build | House |
| 25:45 | Build | House |
| 25:45 | Build | House |
| 26:11 | Research | Chain Barding Armor |
| 26:14 | Build | House |
| 26:15 | Build | House |
| 26:40 | Queue | Knight |
| 26:41 | Queue | Knight |
Build order — noone2021
First 150 of 431 actions detected
| 0:01 | Queue | Villager (Male) |
| 0:01 | Queue | Villager (Male) |
| 0:02 | Queue | Villager (Male) |
| 0:03 | Build | House |
| 0:04 | Build | House |
| 0:20 | Queue | Villager (Male) |
| 1:27 | Queue | Villager (Male) |
| 2:01 | Queue | Villager (Male) |
| 2:18 | Queue | Villager (Male) |
| 2:22 | Build | Lumber Camp |
| 2:47 | Queue | Villager (Male) |
| 3:15 | Queue | Villager (Male) |
| 3:31 | Build | House |
| 3:49 | Queue | Villager (Male) |
| 3:49 | Queue | Villager (Male) |
| 3:49 | Queue | Villager (Male) |
| 4:35 | Queue | Villager (Male) |
| 5:00 | Build | Mill |
| 5:01 | Queue | Villager (Male) |
| 5:20 | Queue | Villager (Male) |
| 5:38 | Build | House |
| 6:26 | Queue | Villager (Male) |
| 6:43 | Research | Feudal Age |
| 6:43 | Research | Feudal Age |
| 7:32 | Queue | Villager (Male) |
| 9:01 | Age | Feudal Age |
| 9:08 | Build | Town Center |
| 9:10 | Queue | Villager (Male) |
| 9:26 | Research | Double-Bit Axe |
| 9:44 | Queue | Villager (Male) |
| 9:51 | Research | Horse Collar |
| 9:51 | Research | Horse Collar |
| 10:12 | Queue | Villager (Male) |
| 10:26 | Queue | Villager (Male) |
| 10:42 | Build | House |
| 10:46 | Build | Farm |
| 10:55 | Queue | Villager (Male) |
| 10:57 | Build | Farm |
| 11:04 | Queue | Villager (Male) |
| 11:24 | Queue | Villager (Male) |
| 11:36 | Build | Farm |
| 11:39 | Queue | Villager (Male) |
| 11:55 | Queue | Villager (Male) |
| 11:55 | Queue | Villager (Male) |
| 11:55 | Queue | Villager (Male) |
| 12:06 | Queue | Villager (Male) |
| 12:08 | Build | Farm |
| 12:17 | Queue | Villager (Male) |
| 12:21 | Build | Farm |
| 12:27 | Research | Loom |
| 12:31 | Queue | Villager (Male) |
| 12:31 | Queue | Villager (Male) |
| 12:39 | Build | Farm |
| 12:42 | Queue | Villager (Male) |
| 13:04 | Queue | Villager (Male) |
| 13:04 | Queue | Villager (Male) |
| 13:08 | Build | House |
| 13:16 | Queue | Villager (Male) |
| 13:30 | Queue | Villager (Male) |
| 13:30 | Queue | Villager (Male) |
| 13:36 | Build | House |
| 13:36 | Build | House |
| 13:42 | Queue | Villager (Male) |
| 13:45 | Build | Farm |
| 13:57 | Build | Farm |
| 14:03 | Research | Wheelbarrow |
| 14:09 | Queue | Villager (Male) |
| 14:28 | Queue | Villager (Male) |
| 14:33 | Build | House |
| 14:34 | Build | House |
| 14:48 | Queue | Villager (Male) |
| 15:07 | Build | Mining Camp |
| 15:17 | Queue | Villager (Male) |
| 15:35 | Queue | Villager (Male) |
| 15:49 | Queue | Villager (Male) |
| 15:55 | Build | House |
| 15:56 | Build | House |
| 16:09 | Build | Barracks |
| 16:13 | Build | Blacksmith |
| 16:17 | Build | Market |
| 16:27 | Queue | Villager (Male) |
| 16:39 | Build | Farm |
| 16:40 | Build | Farm |
| 16:41 | Build | Farm |
| 16:42 | Build | Farm |
| 16:43 | Build | Farm |
| 16:48 | Queue | Villager (Male) |
| 16:56 | Queue | Villager (Male) |
| 16:56 | Queue | Villager (Male) |
| 16:56 | Queue | Villager (Male) |
| 17:08 | Research | Castle Age |
| 17:08 | Research | Castle Age |
| 17:11 | Queue | Villager (Male) |
| 17:19 | Build | House |
| 17:20 | Build | House |
| 17:21 | Build | House |
| 17:22 | Build | House |
| 17:23 | Queue | Villager (Male) |
| 17:23 | Queue | Villager (Male) |
| 17:28 | Build | Farm |
| 17:29 | Build | Farm |
| 17:32 | Build | Farm |
| 17:34 | Queue | Villager (Male) |
| 17:34 | Queue | Villager (Male) |
| 17:45 | Build | House |
| 17:46 | Build | House |
| 17:53 | Research | Gold Mining |
| 17:53 | Research | Gold Mining |
| 18:00 | Build | Farm |
| 18:01 | Build | Farm |
| 18:04 | Build | Farm |
| 18:13 | Queue | Villager (Male) |
| 18:13 | Queue | Villager (Male) |
| 18:21 | Build | Farm |
| 18:24 | Build | Farm |
| 18:41 | Build | Siege Workshop |
| 18:43 | Queue | Villager (Male) |
| 18:58 | Build | Stable |
| 18:59 | Queue | Villager (Male) |
| 19:00 | Queue | Villager (Male) |
| 19:03 | Build | Farm |
| 19:07 | Queue | Villager (Male) |
| 19:07 | Queue | Villager (Male) |
| 19:22 | Queue | Villager (Male) |
| 19:29 | Build | House |
| 19:29 | Build | House |
| 19:30 | Build | House |
| 19:32 | Build | House |
| 19:33 | Build | House |
| 19:53 | Age | Castle Age |
| 19:57 | Queue | Villager (Male) |
| 19:57 | Queue | Villager (Male) |
| 20:03 | Research | Capped Ram (upgrade) |
| 20:04 | Build | Stable |
| 20:07 | Queue | Villager (Male) |
| 20:12 | Research | Bow Saw |
| 20:12 | Research | Bow Saw |
| 20:13 | Research | Heavy Plow |
| 20:13 | Research | Heavy Plow |
| 20:16 | Queue | Villager (Male) |
| 20:19 | Build | Farm |
| 20:25 | Build | Farm |
| 20:28 | Queue | Villager (Male) |
| 20:28 | Queue | Villager (Male) |
| 20:51 | Build | Farm |
| 20:52 | Build | Farm |
| 20:53 | Build | Farm |
| 20:55 | Queue | Villager (Male) |
| 20:59 | Queue | Battering Ram |
| 20:59 | Queue | Battering Ram |
Build order — Hellsum
First 150 of 512 actions detected
| 0:01 | Queue | Villager (Male) |
| 0:01 | Queue | Villager (Male) |
| 0:02 | Build | House |
| 0:03 | Build | House |
| 0:15 | Queue | Villager (Male) |
| 0:15 | Queue | Villager (Male) |
| 0:16 | Queue | Villager (Male) |
| 1:33 | Queue | Villager (Male) |
| 1:33 | Queue | Villager (Male) |
| 1:56 | Build | Lumber Camp |
| 1:59 | Queue | Villager (Male) |
| 1:59 | Queue | Villager (Male) |
| 2:16 | Queue | Villager (Male) |
| 2:46 | Queue | Villager (Male) |
| 3:09 | Queue | Villager (Male) |
| 3:50 | Queue | Villager (Male) |
| 3:50 | Queue | Villager (Male) |
| 4:09 | Build | House |
| 4:16 | Build | House |
| 4:19 | Build | House |
| 4:28 | Build | House |
| 4:37 | Queue | Villager (Male) |
| 4:59 | Queue | Villager (Male) |
| 5:04 | Build | Mill |
| 5:10 | Queue | Villager (Male) |
| 5:52 | Queue | Villager (Male) |
| 5:52 | Queue | Villager (Male) |
| 5:52 | Queue | Villager (Male) |
| 6:03 | Build | House |
| 6:15 | Build | Palisade Gate |
| 6:20 | Queue | Villager (Male) |
| 6:24 | Build | House |
| 6:30 | Build | House |
| 6:36 | Build | Palisade Gate |
| 6:46 | Build | House |
| 6:53 | Build | House |
| 7:00 | Build | House |
| 7:07 | Build | House |
| 7:21 | Queue | Villager (Male) |
| 7:37 | Build | House |
| 7:50 | Queue | Villager (Male) |
| 7:56 | Build | Mining Camp |
| 8:18 | Queue | Villager (Male) |
| 8:18 | Queue | Villager (Male) |
| 9:08 | Research | Feudal Age |
| 9:32 | Build | House |
| 10:46 | Queue | Villager (Male) |
| 10:47 | Queue | Villager (Male) |
| 10:57 | Build | Palisade Wall |
| 11:00 | Build | Palisade Wall |
| 11:10 | Queue | Villager (Male) |
| 11:23 | Age | Feudal Age |
| 11:25 | Build | Market |
| 11:27 | Build | Blacksmith |
| 12:17 | Research | Castle Age |
| 12:17 | Research | Castle Age |
| 12:32 | Research | Double-Bit Axe |
| 12:32 | Research | Double-Bit Axe |
| 12:45 | Research | Horse Collar |
| 12:45 | Research | Horse Collar |
| 12:45 | Research | Horse Collar |
| 13:13 | Build | Farm |
| 13:14 | Build | Farm |
| 13:17 | Build | Farm |
| 13:18 | Build | Farm |
| 13:21 | Research | Gold Mining |
| 13:21 | Research | Gold Mining |
| 13:22 | Research | Gold Mining |
| 13:28 | Build | Farm |
| 14:41 | Queue | Villager (Male) |
| 14:57 | Age | Castle Age |
| 14:59 | Build | Town Center |
| 15:01 | Build | Town Center |
| 15:11 | Queue | Villager (Male) |
| 15:20 | Research | Bow Saw |
| 15:38 | Build | Farm |
| 15:40 | Queue | Villager (Male) |
| 15:53 | Build | House |
| 16:03 | Research | Heavy Plow |
| 16:03 | Research | Heavy Plow |
| 16:08 | Queue | Villager (Male) |
| 16:10 | Queue | Villager (Male) |
| 16:10 | Queue | Villager (Male) |
| 16:18 | Build | Farm |
| 16:20 | Build | Farm |
| 16:26 | Queue | Villager (Male) |
| 16:26 | Queue | Villager (Male) |
| 16:37 | Build | Farm |
| 16:42 | Build | Farm |
| 16:49 | Build | Farm |
| 16:50 | Queue | Villager (Male) |
| 16:50 | Queue | Villager (Male) |
| 16:55 | Queue | Villager (Male) |
| 16:55 | Queue | Villager (Male) |
| 16:57 | Build | Farm |
| 17:03 | Build | Farm |
| 17:04 | Queue | Villager (Male) |
| 17:04 | Queue | Villager (Male) |
| 17:12 | Build | Farm |
| 17:14 | Queue | Villager (Male) |
| 17:14 | Queue | Villager (Male) |
| 17:19 | Build | Farm |
| 17:25 | Build | Farm |
| 17:30 | Queue | Villager (Male) |
| 17:31 | Queue | Villager (Male) |
| 17:35 | Queue | Villager (Male) |
| 17:38 | Queue | Villager (Male) |
| 17:38 | Queue | Villager (Male) |
| 17:43 | Build | Farm |
| 17:44 | Build | Farm |
| 17:46 | Queue | Villager (Male) |
| 17:48 | Build | House |
| 17:52 | Queue | Villager (Male) |
| 18:00 | Build | House |
| 18:02 | Build | House |
| 18:07 | Build | Farm |
| 18:07 | Build | Farm |
| 18:11 | Build | Farm |
| 18:14 | Queue | Villager (Male) |
| 18:14 | Queue | Villager (Male) |
| 18:15 | Queue | Villager (Male) |
| 18:16 | Build | Farm |
| 18:20 | Queue | Villager (Male) |
| 18:21 | Queue | Villager (Male) |
| 18:33 | Build | House |
| 18:37 | Queue | Villager (Male) |
| 18:37 | Queue | Villager (Male) |
| 18:42 | Build | Farm |
| 18:44 | Build | Farm |
| 18:47 | Build | Farm |
| 18:50 | Build | Farm |
| 18:51 | Queue | Villager (Male) |
| 18:51 | Queue | Villager (Male) |
| 18:52 | Queue | Villager (Male) |
| 19:01 | Queue | Villager (Male) |
| 19:02 | Queue | Villager (Male) |
| 19:02 | Queue | Villager (Male) |
| 19:17 | Queue | Villager (Male) |
| 19:17 | Queue | Villager (Male) |
| 19:17 | Queue | Villager (Male) |
| 19:21 | Build | House |
| 19:32 | Build | Town Center |
| 19:34 | Queue | Villager (Male) |
| 19:34 | Queue | Villager (Male) |
| 19:35 | Queue | Villager (Male) |
| 19:40 | Build | House |
| 19:59 | Build | Farm |
| 20:02 | Build | Farm |
| 20:03 | Build | Farm |
| 20:04 | Build | Farm |
Build order — Harzah
First 150 of 556 actions detected
| 0:01 | Queue | Villager (Male) |
| 0:02 | Queue | Villager (Male) |
| 0:02 | Queue | Villager (Male) |
| 0:03 | Build | House |
| 0:04 | Build | House |
| 0:13 | Queue | Villager (Male) |
| 0:33 | Research | Loom |
| 0:39 | Build | Palisade Wall |
| 0:47 | Queue | Villager (Male) |
| 0:48 | Queue | Villager (Male) |
| 0:56 | Build | Palisade Wall |
| 1:53 | Queue | Villager (Male) |
| 2:41 | Queue | Villager (Male) |
| 2:41 | Queue | Villager (Male) |
| 3:27 | Queue | Villager (Male) |
| 3:37 | Build | Palisade Wall |
| 4:25 | Queue | Villager (Male) |
| 4:58 | Build | Palisade Wall |
| 5:00 | Build | Palisade Wall |
| 5:07 | Queue | Villager (Male) |
| 5:27 | Build | Lumber Camp |
| 5:38 | Queue | Villager (Male) |
| 5:44 | Queue | Villager (Male) |
| 6:17 | Queue | Villager (Male) |
| 6:46 | Queue | Villager (Male) |
| 7:00 | Build | Palisade Wall |
| 7:08 | Build | House |
| 7:09 | Queue | Villager (Male) |
| 7:32 | Queue | Villager (Male) |
| 7:41 | Build | House |
| 7:42 | Queue | Villager (Male) |
| 8:20 | Build | House |
| 8:40 | Queue | Villager (Male) |
| 9:12 | Queue | Villager (Male) |
| 9:36 | Build | Palisade Wall |
| 9:48 | Queue | Villager (Male) |
| 10:11 | Build | Mill |
| 10:26 | Queue | Villager (Male) |
| 10:57 | Queue | Villager (Male) |
| 11:13 | Build | Palisade Gate |
| 11:18 | Build | Palisade Gate |
| 11:57 | Research | Feudal Age |
| 12:07 | Build | Mining Camp |
| 12:41 | Build | Palisade Gate |
| 13:01 | Queue | Villager (Male) |
| 13:23 | Build | Palisade Wall |
| 13:31 | Build | Palisade Gate |
| 13:36 | Build | Palisade Gate |
| 13:42 | Build | Palisade Gate |
| 13:50 | Build | Palisade Gate |
| 13:58 | Build | Palisade Gate |
| 14:07 | Age | Feudal Age |
| 14:15 | Build | Palisade Gate |
| 14:21 | Queue | Villager (Male) |
| 14:31 | Build | Stone Wall |
| 14:32 | Build | Stone Wall |
| 14:38 | Build | Stone Wall |
| 14:40 | Queue | Villager (Male) |
| 15:05 | Queue | Villager (Male) |
| 15:21 | Build | Blacksmith |
| 15:44 | Queue | Villager (Male) |
| 15:45 | Queue | Villager (Male) |
| 16:10 | Queue | Villager (Male) |
| 16:34 | Queue | Villager (Male) |
| 16:53 | Build | Market |
| 16:56 | Queue | Villager (Male) |
| 17:27 | Build | Outpost |
| 17:32 | Queue | Villager (Male) |
| 17:43 | Research | Castle Age |
| 17:50 | Build | Lumber Camp |
| 18:15 | Build | Outpost |
| 18:53 | Build | House |
| 19:05 | Research | Double-Bit Axe |
| 19:05 | Research | Double-Bit Axe |
| 19:10 | Research | Town Watch |
| 19:30 | Build | House |
| 20:11 | Build | Farm |
| 20:12 | Build | Farm |
| 20:13 | Build | Farm |
| 20:25 | Age | Castle Age |
| 20:36 | Build | Town Center |
| 20:52 | Build | Town Center |
| 21:05 | Queue | Villager (Male) |
| 21:30 | Build | Palisade Wall |
| 21:33 | Build | Palisade Wall |
| 21:44 | Build | Palisade Gate |
| 21:55 | Build | Palisade Wall |
| 21:58 | Queue | Villager (Male) |
| 21:59 | Queue | Villager (Male) |
| 21:59 | Queue | Villager (Male) |
| 22:01 | Build | Farm |
| 22:02 | Build | Farm |
| 22:02 | Build | Farm |
| 22:02 | Build | Farm |
| 22:03 | Build | Farm |
| 22:03 | Build | Farm |
| 22:07 | Queue | Villager (Male) |
| 22:15 | Build | Farm |
| 22:16 | Build | Farm |
| 22:18 | Queue | Villager (Male) |
| 22:18 | Queue | Villager (Male) |
| 22:26 | Build | Farm |
| 22:28 | Queue | Villager (Male) |
| 22:31 | Build | Farm |
| 22:38 | Build | Farm |
| 22:45 | Build | Farm |
| 22:46 | Queue | Villager (Male) |
| 23:04 | Build | Farm |
| 23:06 | Build | Farm |
| 23:11 | Build | Farm |
| 23:11 | Queue | Villager (Male) |
| 23:16 | Build | Farm |
| 23:17 | Queue | Villager (Male) |
| 23:22 | Build | Farm |
| 23:30 | Queue | Villager (Male) |
| 23:34 | Build | Farm |
| 23:38 | Queue | Villager (Male) |
| 23:39 | Queue | Villager (Male) |
| 23:42 | Build | Farm |
| 23:50 | Queue | Villager (Male) |
| 24:00 | Build | Farm |
| 24:00 | Queue | Villager (Male) |
| 24:06 | Build | Farm |
| 24:06 | Queue | Villager (Male) |
| 24:08 | Queue | Villager (Male) |
| 24:12 | Build | Farm |
| 24:21 | Build | House |
| 24:22 | Build | House |
| 24:23 | Build | House |
| 24:24 | Build | House |
| 24:26 | Queue | Villager (Male) |
| 24:34 | Build | Farm |
| 24:35 | Queue | Villager (Male) |
| 24:36 | Queue | Villager (Male) |
| 24:41 | Queue | Villager (Male) |
| 24:42 | Queue | Villager (Male) |
| 24:53 | Build | Farm |
| 24:53 | Queue | Villager (Male) |
| 25:03 | Queue | Villager (Male) |
| 25:09 | Build | Farm |
| 25:10 | Build | Farm |
| 25:11 | Queue | Villager (Male) |
| 25:15 | Queue | Villager (Male) |
| 25:16 | Queue | Villager (Male) |
| 25:17 | Build | Farm |
| 25:20 | Build | House |
| 25:21 | Build | House |
| 25:22 | Queue | Villager (Male) |
| 25:34 | Build | Mining Camp |
| 25:36 | Queue | Villager (Male) |
Build order — Armitte
First 150 of 560 actions detected
| 0:01 | Queue | Villager (Male) |
| 0:01 | Queue | Villager (Male) |
| 0:02 | Build | House |
| 0:05 | Build | House |
| 0:13 | Queue | Villager (Male) |
| 0:14 | Queue | Villager (Male) |
| 0:43 | Research | Loom |
| 0:44 | Queue | Villager (Male) |
| 0:44 | Queue | Villager (Male) |
| 0:44 | Queue | Villager (Male) |
| 1:49 | Queue | Villager (Male) |
| 1:49 | Queue | Villager (Male) |
| 2:29 | Queue | Villager (Male) |
| 2:54 | Queue | Villager (Male) |
| 2:55 | Queue | Villager (Male) |
| 3:10 | Build | Palisade Wall |
| 3:11 | Build | Palisade Wall |
| 3:12 | Build | Palisade Wall |
| 3:13 | Build | Palisade Wall |
| 3:15 | Build | Palisade Wall |
| 3:16 | Build | Palisade Wall |
| 3:20 | Build | Palisade Gate |
| 3:28 | Queue | Villager (Male) |
| 3:28 | Queue | Villager (Male) |
| 3:57 | Queue | Villager (Male) |
| 3:57 | Queue | Villager (Male) |
| 4:26 | Build | House |
| 4:28 | Build | House |
| 4:52 | Build | Palisade Wall |
| 4:54 | Build | Palisade Wall |
| 4:55 | Build | Palisade Wall |
| 4:58 | Build | Palisade Wall |
| 4:58 | Build | Palisade Wall |
| 5:01 | Queue | Villager (Male) |
| 5:02 | Queue | Villager (Male) |
| 5:02 | Queue | Villager (Male) |
| 5:36 | Queue | Villager (Male) |
| 6:10 | Queue | Villager (Male) |
| 6:20 | Build | Lumber Camp |
| 6:54 | Queue | Villager (Male) |
| 6:54 | Queue | Villager (Male) |
| 6:54 | Queue | Villager (Male) |
| 7:19 | Build | House |
| 7:34 | Queue | Villager (Male) |
| 7:55 | Build | Mining Camp |
| 7:58 | Build | Mining Camp |
| 8:26 | Queue | Villager (Male) |
| 8:52 | Queue | Villager (Male) |
| 9:57 | Research | Feudal Age |
| 10:20 | Build | House |
| 12:07 | Age | Feudal Age |
| 12:09 | Build | Blacksmith |
| 12:18 | Build | Mill |
| 12:19 | Queue | Villager (Male) |
| 12:27 | Build | Stone Wall |
| 12:29 | Build | Stone Wall |
| 12:30 | Build | Stone Wall |
| 12:42 | Queue | Villager (Male) |
| 13:10 | Queue | Villager (Male) |
| 13:13 | Build | Market |
| 13:36 | Queue | Villager (Male) |
| 13:56 | Research | Castle Age |
| 14:14 | Build | Lumber Camp |
| 14:22 | Queue | Villager (Male) |
| 14:33 | Build | Outpost |
| 14:51 | Research | Double-Bit Axe |
| 14:59 | Research | Horse Collar |
| 15:16 | Build | House |
| 15:39 | Queue | Villager (Male) |
| 15:42 | Build | Farm |
| 15:45 | Build | Farm |
| 15:52 | Build | Farm |
| 16:01 | Build | Farm |
| 16:18 | Queue | Villager (Male) |
| 16:41 | Age | Castle Age |
| 16:47 | Research | Bow Saw |
| 17:11 | Build | Town Center |
| 17:34 | Queue | Villager (Male) |
| 17:35 | Queue | Villager (Male) |
| 17:54 | Queue | Villager (Male) |
| 18:01 | Build | Farm |
| 18:24 | Queue | Villager (Male) |
| 18:34 | Queue | Villager (Male) |
| 18:34 | Queue | Villager (Male) |
| 18:54 | Build | Town Center |
| 18:56 | Queue | Villager (Male) |
| 19:14 | Queue | Villager (Male) |
| 19:23 | Research | Heavy Plow |
| 19:35 | Build | Farm |
| 19:35 | Build | Farm |
| 19:35 | Build | Farm |
| 19:35 | Build | Farm |
| 19:40 | Queue | Villager (Male) |
| 19:54 | Queue | Villager (Male) |
| 19:59 | Build | Farm |
| 20:00 | Build | Farm |
| 20:00 | Build | Farm |
| 20:01 | Build | Farm |
| 20:01 | Build | Farm |
| 20:10 | Queue | Villager (Male) |
| 20:10 | Queue | Villager (Male) |
| 20:18 | Build | House |
| 20:26 | Build | House |
| 20:26 | Build | House |
| 20:26 | Build | House |
| 20:26 | Build | House |
| 20:27 | Build | House |
| 20:27 | Build | House |
| 20:27 | Build | House |
| 20:27 | Build | House |
| 20:31 | Queue | Villager (Male) |
| 20:36 | Build | Town Center |
| 20:42 | Queue | Villager (Male) |
| 20:42 | Queue | Villager (Male) |
| 20:42 | Queue | Villager (Male) |
| 20:52 | Build | Farm |
| 20:56 | Queue | Villager (Male) |
| 21:07 | Queue | Villager (Male) |
| 21:07 | Queue | Villager (Male) |
| 21:14 | Build | Farm |
| 21:16 | Build | Farm |
| 21:19 | Queue | Villager (Male) |
| 21:19 | Queue | Villager (Male) |
| 21:23 | Build | Farm |
| 21:27 | Build | Farm |
| 21:28 | Queue | Villager (Male) |
| 21:28 | Queue | Villager (Male) |
| 21:29 | Queue | Villager (Male) |
| 21:30 | Build | Farm |
| 21:33 | Queue | Villager (Male) |
| 21:39 | Queue | Villager (Male) |
| 21:46 | Queue | Villager (Male) |
| 21:58 | Build | Farm |
| 22:04 | Build | Farm |
| 22:07 | Build | Farm |
| 22:08 | Queue | Villager (Male) |
| 22:08 | Queue | Villager (Male) |
| 22:13 | Queue | Villager (Male) |
| 22:14 | Queue | Villager (Male) |
| 22:14 | Queue | Villager (Male) |
| 22:18 | Queue | Villager (Male) |
| 22:20 | Queue | Villager (Male) |
| 22:31 | Build | Farm |
| 22:32 | Build | Farm |
| 22:32 | Build | Farm |
| 22:32 | Build | Farm |
| 22:38 | Queue | Villager (Male) |
| 22:43 | Build | Farm |
| 22:45 | Queue | Villager (Male) |
| 22:45 | Queue | Villager (Male) |
Match timeline
| 0:39 | Harzah · wall_segment Palisade Wall x1 |
| 0:56 | Harzah · wall_segment Palisade Wall x1 |
| 1:11 | MooN | Lunatico · wall_segment Palisade Wall x6 |
| 2:06 | Pandas United · wall_segment Palisade Wall x7 |
| 2:36 | MooN | Lunatico · wall_segment Palisade Wall x7 |
| 3:05 | MooN | Lunatico · wall_segment Palisade Wall x1 |
| 3:06 | MooN | Lunatico · wall_segment Palisade Wall x1 |
| 3:10 | Armitte · wall_segment Palisade Wall x1 |
| 3:11 | Armitte · wall_segment Palisade Wall x1 |
| 3:12 | Armitte · wall_segment Palisade Wall x1 |
| 3:13 | Armitte · wall_segment Palisade Wall x1 |
| 3:15 | Armitte · wall_segment Palisade Wall x1 |
| 3:16 | Armitte · wall_segment Palisade Wall x1 |
| 3:31 | MooN | Lunatico · wall_segment Palisade Wall x1 |
| 3:31 | MooN | Lunatico · wall_segment Palisade Wall x1 |
| 3:33 | MooN | Lunatico · wall_segment Palisade Wall x1 |
| 3:34 | MooN | Lunatico · wall_segment Palisade Wall x1 |
| 3:37 | Harzah · wall_segment Palisade Wall x9 |
| 4:37 | Pandas United · wall_segment Palisade Wall x1 |
| 4:41 | Pandas United · wall_segment Palisade Wall x1 |
| 4:42 | Pandas United · wall_segment Palisade Wall x1 |
| 4:44 | Pandas United · wall_segment Palisade Wall x1 |
| 4:46 | Pandas United · wall_segment Palisade Wall x1 |
| 4:47 | Pandas United · wall_segment Palisade Wall x1 |
| 4:49 | Pandas United · wall_segment Palisade Wall x1 |
| 4:50 | Pandas United · wall_segment Palisade Wall x1 |
| 4:50 | Pandas United · wall_segment Palisade Wall x1 |
| 4:51 | Pandas United · wall_segment Palisade Wall x1 |
| 4:52 | Pandas United · wall_segment Palisade Wall x1 |
| 4:52 | Pandas United · wall_segment Palisade Wall x1 |
| 4:52 | Armitte · wall_segment Palisade Wall x1 |
| 4:53 | Pandas United · wall_segment Palisade Wall x1 |
| 4:54 | Armitte · wall_segment Palisade Wall x1 |
| 4:55 | Armitte · wall_segment Palisade Wall x1 |
| 4:58 | Armitte · wall_segment Palisade Wall x1 |
| 4:58 | Harzah · wall_segment Palisade Wall x8 |
| 4:58 | Armitte · wall_segment Palisade Wall x1 |
| 5:00 | Harzah · wall_segment Palisade Wall x3 |
| 7:00 | Harzah · wall_segment Palisade Wall x6 |
| 8:26 | MooN | Lunatico · first_building Barracks |
| 9:01 | noone2021 · age_up feudal |
| 9:36 | Harzah · wall_segment Palisade Wall x5 |
| 10:57 | Hellsum · wall_segment Palisade Wall x1 |
| 11:00 | Hellsum · wall_segment Palisade Wall x9 |
| 11:23 | Hellsum · age_up feudal |
| 11:24 | Pandas United · wall_segment Palisade Wall x1 |
| 11:27 | Pandas United · wall_segment Palisade Wall x1 |
| 11:29 | ghabil · wall_segment Palisade Wall x9 |
| 11:42 | MooN | Lunatico · age_up feudal |
| 11:44 | Pandas United · first_building Barracks |
| 11:47 | ghabil · age_up feudal |
| 11:48 | MooN | Lunatico · wall_segment Stone Wall x8 |
| 11:50 | Kevin FoJ · age_up feudal |
| 12:07 | Armitte · age_up feudal |
| 12:15 | Pandas United · age_up feudal |
| 12:16 | Pandas United · wall_segment Stone Wall x7 |
| 12:23 | Pandas United · first_building Archery Range |
| 12:27 | Armitte · wall_segment Stone Wall x9 |
| 12:29 | Armitte · wall_segment Stone Wall x1 |
| 12:30 | Armitte · wall_segment Stone Wall x1 |
| 12:31 | ghabil · wall_segment Palisade Wall x1 |
| 12:34 | ghabil · wall_segment Palisade Wall x1 |
| 12:40 | MooN | Lunatico · first_building Archery Range |
| 12:55 | MooN | Lunatico · wall_segment Palisade Wall x1 |
| 12:56 | MooN | Lunatico · wall_segment Palisade Wall x1 |
| 13:14 | MooN | Lunatico · wall_segment Palisade Wall x1 |
| 13:15 | MooN | Lunatico · wall_segment Palisade Wall x1 |
| 13:23 | Harzah · wall_segment Palisade Wall x1 |
| 13:41 | ghabil · wall_segment Palisade Wall x1 |
| 13:41 | MooN | Lunatico · wall_segment Stone Wall x10 |
| 13:42 | ghabil · wall_segment Palisade Wall x1 |
| 13:49 | ghabil · wall_segment Palisade Wall x1 |
| 13:58 | Hellsum · first_market_buy 100 wood |
| 14:07 | Harzah · age_up feudal |
| 14:29 | ghabil · first_building Barracks |
| 14:31 | Harzah · wall_segment Stone Wall x10 |
| 14:32 | Pandas United · wall_segment Stone Wall x12 |
| 14:32 | Harzah · wall_segment Stone Wall x3 |
| 14:38 | Harzah · wall_segment Stone Wall x6 |
| 14:54 | MooN | Lunatico · wall_segment Stone Wall x17 |
| 14:57 | Hellsum · age_up castle |
| 15:08 | ghabil · first_building Stable |
| 15:24 | Kevin FoJ · age_up castle |
| 15:49 | MooN | Lunatico · wall_segment Stone Wall x10 |
| 16:09 | ghabil · age_up castle |
| 16:09 | noone2021 · first_building Barracks |
| 16:41 | Armitte · age_up castle |
| 17:05 | noone2021 · first_market_sell 100 food |
| 17:23 | Kevin FoJ · first_market_buy 100 stone |
| 17:47 | Harzah · first_market_sell 100 food |
| 17:47 | Harzah · first_market_buy 100 wood |
| 18:00 | Pandas United · first_market_buy 100 food |
| 18:41 | noone2021 · first_building Siege Workshop |
| 18:42 | Armitte · first_market_buy 100 stone |
| 18:58 | noone2021 · first_building Stable |
| 19:53 | noone2021 · age_up castle |
| 20:25 | Harzah · age_up castle |
| 21:01 | Pandas United · age_up castle |
| 21:22 | Pandas United · first_building Castle |
| 21:30 | Harzah · wall_segment Palisade Wall x1 |
| 21:33 | Harzah · wall_segment Palisade Wall x1 |
| 21:33 | noone2021 · first_market_buy 100 wood |
| 21:37 | MooN | Lunatico · wall_segment Stone Wall x1 |
| 21:55 | Harzah · wall_segment Palisade Wall x1 |
| 21:59 | ghabil · first_market_buy 100 stone |
| 22:25 | MooN | Lunatico · wall_segment Stone Wall x9 |
| 22:27 | MooN | Lunatico · wall_segment Stone Wall x6 |
| 22:31 | Kevin FoJ · first_building Monastery |
| 22:32 | MooN | Lunatico · wall_segment Stone Wall x9 |
| 22:39 | MooN | Lunatico · first_market_buy 100 stone |
| 22:46 | MooN | Lunatico · first_market_sell 100 wood |
| 23:27 | MooN | Lunatico · wall_segment Stone Wall x9 |
| 23:33 | Hellsum · first_building Monastery |
| 23:40 | MooN | Lunatico · wall_segment Stone Wall x2 |
| 23:41 | MooN | Lunatico · wall_segment Stone Wall x9 |
| 23:43 | MooN | Lunatico · wall_segment Stone Wall x8 |
| 24:03 | Hellsum · first_building Siege Workshop |
| 24:36 | Hellsum · first_market_sell 500 wood |
| 24:45 | Kevin FoJ · first_market_sell 100 food |
| 24:53 | Kevin FoJ · first_building Siege Workshop |
| 24:54 | Kevin FoJ · first_building Barracks |
| 25:17 | MooN | Lunatico · wall_segment Stone Wall x5 |
| 25:25 | Armitte · first_building Monastery |
| 25:43 | Hellsum · first_building Castle |
| 26:30 | Hellsum · first_building Barracks |
| 26:32 | Kevin FoJ · first_building Castle |
| 26:58 | Armitte · first_building Barracks |
| 27:22 | ghabil · first_building Monastery |
| 27:31 | Hellsum · first_building Archery Range |
| 27:37 | Hellsum · first_building Stable |
| 27:42 | Armitte · first_building Stable |
| 27:48 | Harzah · first_building Barracks |
| 27:56 | Kevin FoJ · age_up imperial |
| 28:09 | Hellsum · age_up imperial |
| 28:15 | MooN | Lunatico · wall_segment Stone Wall x7 |
| 28:20 | MooN | Lunatico · wall_segment Stone Wall x3 |
| 28:22 | MooN | Lunatico · wall_segment Stone Wall x10 |
| 29:01 | Harzah · first_building Stable |
| 29:22 | Armitte · first_building Castle |
| 29:27 | MooN | Lunatico · wall_segment Stone Wall x1 |
| 29:41 | Armitte · age_up imperial |
| 30:06 | MooN | Lunatico · age_up castle |
| 30:14 | MooN | Lunatico · first_building Siege Workshop |
| 30:30 | Harzah · first_building Monastery |
| 30:35 | ghabil · first_market_sell 100 food |
| 30:48 | MooN | Lunatico · first_building Castle |
| 31:23 | Harzah · first_building Castle |
| 32:17 | Pandas United · wall_segment Stone Wall x4 |
| 32:39 | ghabil · first_building Siege Workshop |
| 33:48 | MooN | Lunatico · wall_segment Stone Wall x9 |
| 33:52 | MooN | Lunatico · wall_segment Stone Wall x2 |
| 34:07 | Harzah · age_up imperial |
| 34:31 | noone2021 · first_building Castle |
| 35:29 | noone2021 · age_up imperial |
| 36:08 | Hellsum · tribute_sent a jugador 1 |
| 36:08 | Hellsum · tribute_sent a jugador 2 |
| 36:08 | Hellsum · tribute_sent a jugador 3 |
| 36:08 | Hellsum · tribute_sent a jugador 4 |
| 36:08 | Hellsum · tribute_sent a jugador 5 |
| 36:08 | Hellsum · tribute_sent a jugador 7 |
| 36:08 | Hellsum · tribute_sent a jugador 8 |
| 36:13 | noone2021 · tribute_sent a jugador 1 |
| 36:13 | noone2021 · tribute_sent a jugador 2 |
| 36:13 | noone2021 · tribute_sent a jugador 3 |
| 36:13 | noone2021 · tribute_sent a jugador 4 |
| 36:13 | noone2021 · tribute_sent a jugador 6 |
| 36:13 | noone2021 · tribute_sent a jugador 7 |
| 36:13 | noone2021 · tribute_sent a jugador 8 |
| 36:32 | ghabil · age_up imperial |
| 37:04 | ghabil · tribute_sent a jugador 1 |
| 37:04 | ghabil · tribute_sent a jugador 2 |
| 37:04 | ghabil · tribute_sent a jugador 4 |
| 37:04 | ghabil · tribute_sent a jugador 5 |
| 37:04 | ghabil · tribute_sent a jugador 6 |
| 37:04 | ghabil · tribute_sent a jugador 7 |
| 37:04 | ghabil · tribute_sent a jugador 8 |
| 37:53 | Pandas United · first_building Monastery |
| 38:33 | Armitte · tribute_sent a jugador 1 |
| 38:33 | Armitte · tribute_sent a jugador 2 |
| 38:33 | Armitte · tribute_sent a jugador 3 |
| 38:33 | Armitte · tribute_sent a jugador 4 |
| 38:33 | Armitte · tribute_sent a jugador 5 |
| 38:33 | Armitte · tribute_sent a jugador 6 |
| 38:33 | Armitte · tribute_sent a jugador 7 |
| 38:50 | Kevin FoJ · tribute_sent a jugador 2 |
| 38:50 | Kevin FoJ · tribute_sent a jugador 3 |
| 38:50 | Kevin FoJ · tribute_sent a jugador 4 |
| 38:50 | Kevin FoJ · tribute_sent a jugador 5 |
| 38:50 | Kevin FoJ · tribute_sent a jugador 6 |
| 38:50 | Kevin FoJ · tribute_sent a jugador 7 |
| 38:50 | Kevin FoJ · tribute_sent a jugador 8 |
| 39:10 | MooN | Lunatico · wall_segment Palisade Wall x1 |
| 39:11 | MooN | Lunatico · wall_segment Palisade Wall x1 |
| 39:12 | Armitte · first_market_sell 500 wood |
| 39:27 | Pandas United · first_building Stable |
| 42:29 | Pandas United · age_up imperial |
| 42:40 | ghabil · first_building Castle |
| 44:08 | Kevin FoJ · tribute_sent a jugador 2 |
| 44:08 | Kevin FoJ · tribute_sent a jugador 3 |
| 44:08 | Kevin FoJ · tribute_sent a jugador 4 |
| 44:08 | Kevin FoJ · tribute_sent a jugador 5 |
| 44:08 | Kevin FoJ · tribute_sent a jugador 6 |
| 44:08 | Kevin FoJ · tribute_sent a jugador 7 |
| 44:08 | Kevin FoJ · tribute_sent a jugador 8 |
| 44:44 | Armitte · first_building Siege Workshop |
| 45:02 | Hellsum · tribute_sent a jugador 1 |
| 45:02 | Hellsum · tribute_sent a jugador 2 |
| 45:02 | Hellsum · tribute_sent a jugador 3 |
| 45:02 | Hellsum · tribute_sent a jugador 4 |
| 45:02 | Hellsum · tribute_sent a jugador 5 |
| 45:02 | Hellsum · tribute_sent a jugador 7 |
| 45:02 | Hellsum · tribute_sent a jugador 8 |
| 45:17 | noone2021 · tribute_sent a jugador 1 |
| 45:17 | noone2021 · tribute_sent a jugador 2 |
| 45:17 | noone2021 · tribute_sent a jugador 3 |
| 45:17 | noone2021 · tribute_sent a jugador 4 |
| 45:17 | noone2021 · tribute_sent a jugador 6 |
| 45:17 | noone2021 · tribute_sent a jugador 7 |
| 45:17 | noone2021 · tribute_sent a jugador 8 |
| 45:28 | Armitte · tribute_sent a jugador 1 |
| 45:28 | Armitte · tribute_sent a jugador 2 |
| 45:28 | Armitte · tribute_sent a jugador 3 |
| 45:28 | Armitte · tribute_sent a jugador 4 |
| 45:28 | Armitte · tribute_sent a jugador 5 |
| 45:28 | Armitte · tribute_sent a jugador 6 |
| 45:28 | Armitte · tribute_sent a jugador 7 |
| 45:29 | Hellsum · resign |
| 45:39 | MooN | Lunatico · age_up imperial |
[ AI ANALYSIS · 1 CREDIT ]
What really happened in this match?
Wolo.gg analyzes every decision: build order, eco, micro, common mistakes by bracket. Personalized analysis on WhatsApp or Discord in 30 seconds.
Civ guide
Malians
Perfil
Jugador #19576072